Map: 大气2000-天梯版

Players

TIME (Oliveira) - Winner!

  • Race: Terran Terran

JieShi

  • Race: Protoss Protoss
  • League: Master

Event: DreamHack SC2 Masters 2021 Summer

VOD

Have the link to the VOD?

Description

Time

  • Played on: May 30, 2021, 9:55 a.m.
  • Length: 12:31

All games in this series

Show
View Real Time Build Order
Export as new Build Order

TIME Terran - Winner!

Build Orders:  

Get SALT Encoding   

  12  0:00  SCV  
  13  0:12  SCV  
  14  0:17  Supply Depot  
  14  0:24  SCV  
  15  0:38  SCV  
  15  0:41  Barracks  
  16  0:45  Refinery  
  16  0:51  SCV  
  17  1:03  SCV  
  18  1:15  SCV  
  19  1:28  Orbital Command, Marine  
  20  1:40  Command Center  
  20  1:46  Barracks Reactor  
  20  1:50  Supply Depot  
  20  1:54  SCV  
  21  2:06  SCV  
  21  2:08  Factory  
  22  2:18  SCV  
  22  2:19  Refinery  
  23  2:23  Marine x2  
  25  2:30  SCV  
  26  2:40  Marine  
  26  2:41  Marine  
  26  2:42  SCV  
  29  2:52  Starport, Widow Mine  
  29  2:55  SCV  
  29  2:56  Orbital Command  
  32  3:00  Marine  
  32  3:01  Marine  
  34  3:08  SCV  
  35  3:14  Widow Mine  
  37  3:20  SCV  
  37  3:22  SCV, Supply Depot  
  37  3:23  Marine x2  
  41  3:30  Medivac  
  41  3:33  SCV  
  45  3:34  SCV  
  45  3:36  Factory Tech Lab  
  45  3:38  Bunker  
  45  3:41  Marine  
  46  3:43  Marine  
  46  3:47  SCV, Supply Depot  
  48  3:49  SCV  
  49  3:55  Siege Tank  
  49  3:58  Marine  
  49  3:59  SCV  
  54  4:03  Starport Tech Lab  
  54  4:09  SCV  
  55  4:10  Supply Depot  
  55  4:11  SCV  
  56  4:18  Marine x2  
  56  4:21  Raven  
  60  4:24  SCV x2  
  62  4:34  Command Center  
  62  4:36  SCV  
  62  4:37  SCV  
  64  4:40  Supply Depot  
  64  4:43  Siege Tank  
  67  4:51  SCV  
  67  4:52  SCV  
  69  4:59  Barracks  
  69  5:00  Barracks  
  69  5:02  Supply Depot  
  69  5:07  SCV x2  
  69  5:09  Engineering Bay  
  69  5:10  Engineering Bay  
  69  5:13  Refinery, Stimpack  
  71  5:16  Refinery  
  71  5:19  Marine  
  71  5:20  Starport Reactor  
  72  5:22  SCV x2  
  74  5:30  Factory Reactor  
  74  5:34  SCV x2  
  76  5:40  Terran Infantry Weapons Level 1  
  76  5:46  SCV x2  
  76  5:47  Orbital Command  
  76  5:48  Marine x2  
  80  5:50  Barracks  
  80  5:51  Marauder  
  80  5:52  Barracks  
  80  5:53  Terran Infantry Armor Level 1  
  80  5:56  Supply Depot  
  82  5:58  SCV  
  82  5:59  Marauder  
  82  6:03  Combat Shield  
  85  6:04  SCV  
  85  6:09  Orbital Command  
  86  6:15  Marauder, Marine  
  86  6:17  Medivac  
  91  6:18  SCV x2  
  91  6:23  Medivac  
  95  6:27  Widow Mine, Supply Depot  
  95  6:29  Widow Mine, Supply Depot  
  95  6:30  SCV  
  95  6:31  SCV  
  103  6:33  Marauder, Marine  
  103  6:34  Marine  
  103  6:35  SCV  
  103  6:39  Barracks Reactor  
  106  6:40  Barracks Tech Lab  
  106  6:42  SCV  
  106  6:43  SCV  
  108  6:47  SCV  
  108  6:48  Refinery  
  108  6:50  Refinery  
  108  6:51  Supply Depot  
  108  6:52  Marauder, Marine x2, Supply Depot  
  113  6:55  SCV  
  113  6:56  Marine  
  113  6:58  SCV  
  113  7:00  Medivac  
  118  7:03  Medivac  
  118  7:05  Widow Mine  
  118  7:06  Widow Mine  
  118  7:07  SCV  
  125  7:12  Marine  
  125  7:13  SCV  
  125  7:14  Marauder  
  125  7:15  Supply Depot  
  123  7:16  Supply Depot  
  123  7:17  Armory  
  123  7:19  Marine  
  123  7:20  Engineering Bay  
  124  7:25  Marine  
  124  7:26  Marauder, Marine x2  
  124  7:28  SCV x3  
  124  7:33  Viking  
  128  7:37  Marauder  
  128  7:39  Viking  
  132  7:44  Marauder  
  132  7:47  SCV  
  132  7:50  Command Center  
  132  7:51  SCV x2  
  135  7:56  Widow Mine x2, Marine x2, Supply Depot  
  135  7:57  Marine  
  141  7:58  Marine  
  141  7:59  SCV  
  141  8:04  Terran Infantry Armor Level 2, Terran Infantry Weapons Level 2  
  143  8:12  Viking x2  
  143  8:14  Marauder  
  143  8:18  Marauder x2  
  149  8:22  Marine x3  
  151  8:27  Widow Mine x2, Supply Depot, Ghost Academy  
  151  8:31  Marine  
  150  8:38  Marine x2  
  150  8:39  Marauder  
  150  8:42  Supply Depot  
  150  8:43  Viking x2  
  150  8:44  Marine x2  
  150  8:45  Marine  
  150  8:46  Missile Turret  
  157  8:49  SCV x2  
  157  8:52  SCV  
  157  8:53  Sensor Tower  
  160  8:57  Marine  
  160  8:58  Ghost x2  
  165  9:03  Widow Mine x2, Marine x2  
  165  9:06  Ghost  
  173  9:10  Bunker, Marine  
  173  9:11  Supply Depot  
  173  9:12  Enhanced Shockwaves  
  173  9:14  Terran Ship Weapons Level 1  
  174  9:27  Marine x2  
  174  9:28  Marauder  
  175  9:32  Ghost  
  175  9:33  Marine  
  175  9:35  Ghost  
  180  9:40  Marine  
  180  9:41  Viking x2  
  180  9:45  Marine  
  186  9:53  Marine  
  186  9:57  SCV x2  
  186  9:58  Marine  
  190  10:03  Barracks  
  190  10:05  Barracks x2  
  190  10:10  Planetary Fortress  
  190  10:13  Marine  
  190  10:14  Marauder x2, Marine  
  196  10:22  Command Center  
  196  10:25  Sensor Tower, Supply Depot  
  196  10:26  Missile Turret  
  194  10:36  Marine  
  194  10:41  Viking x2  
  193  11:05  Marine x3  
  193  11:06  Barracks Reactor, Barracks Tech Lab, Marauder x3, Marine  
  193  11:07  Barracks Tech Lab  
  175  11:14  Widow Mine x2, Medivac x2  
  175  11:21  SCV  
  175  11:22  SCV x2  
  175  11:23  Marine x2  
  177  11:27  Marauder, Marine  
  180  11:38  Marine x3, Command Center  
  180  11:39  Marauder x2  
  187  11:41  Marine  
  187  11:44  Marine x2  
  190  11:49  Marauder  
  187  12:02  Marine x2  
  187  12:03  Marauder  
  187  12:04  Marine x2  
  187  12:05  Marauder  
  187  12:06  Marine  
  187  12:07  Marauder, Marine  
  187  12:08  Marine  
  179  12:11  Marine  
Show
View Real Time Build Order
Export as new Build Order

JieShi Protoss 

Build Orders: 1 Gate Expand, Blink Stalkers, Zealot Archon, Colossus Rush 

Get SALT Encoding   

  12  0:00  Probe  
  13  0:12  Probe  
  14  0:17  Pylon  
  14  0:25  Probe (Chrono Boost)  
  15  0:36  Gateway  
  15  0:37  Probe (Chrono Boost)  
  16  0:44  Probe (Chrono Boost)  
  16  0:45  Assimilator  
  17  0:51  Probe  
  18  1:03  Probe  
  19  1:15  Probe  
  20  1:25  Cybernetics Core  
  20  1:31  Nexus  
  20  1:34  Probe  
  21  1:41  Pylon  
  21  1:46  Probe  
  22  1:48  Assimilator  
  22  1:58  Probe  
  22  1:59  Adept (Chrono Boost)  
  23  2:02  Warp Gate  
  25  2:10  Probe  
  26  2:16  Twilight Council  
  26  2:22  Probe  
  27  2:29  Stalker (Chrono Boost)  
  30  2:37  Probe (Chrono Boost)  
  30  2:43  Probe (Chrono Boost)  
  32  2:52  Probe x2 (Chrono Boost)  
  32  2:55  Blink (Chrono Boost)  
  32  2:57  Probe (Chrono Boost)  
  33  2:59  Probe  
  35  3:09  Probe  
  35  3:11  Probe  
  37  3:17  Gateway  
  37  3:21  Robotics Facility  
  37  3:22  Probe  
  37  3:23  Probe  
  39  3:34  Probe  
  40  3:35  Probe  
  41  3:41  Gateway  
  41  3:44  Assimilator  
  41  3:46  Probe, Shield Battery, Assimilator  
  41  3:47  Probe  
  43  3:50  Stalker  
  43  3:52  Pylon  
  45  3:56  Pylon  
  45  3:59  Probe  
  46  4:10  Probe, Observer  
  46  4:11  Probe  
  46  4:12  Stalker  
  46  4:13  Stalker  
  53  4:18  Pylon  
  53  4:22  Probe  
  54  4:33  Observer  
  54  4:37  Robotics Bay  
  55  4:40  Probe x2  
  55  4:42  Nexus  
  55  4:45  Pylon  
  57  4:50  Stalker  
  59  4:53  Sentry  
  59  4:55  Stalker  
  59  4:58  Observer  
  64  5:00  Pylon  
  64  5:02  Charge  
  64  5:06  Probe x2  
  66  5:10  Shield Battery  
  66  5:18  Probe  
  66  5:20  Pylon, Forge  
  67  5:26  Colossus (Chrono Boost)  
  67  5:30  Probe  
  67  5:32  Probe  
  67  5:35  Extended Thermal Lance (Chrono Boost)  
  75  5:44  Probe, Shield Battery  
  75  5:45  Probe  
  75  5:47  Sentry  
  79  5:50  Protoss Ground Weapons Level 1 (Chrono Boost)  
  79  5:52  Gateway  
  79  6:01  Probe  
  79  6:07  Probe  
  78  6:13  Probe  
  78  6:17  Pylon  
  78  6:18  Colossus  
  85  6:19  Probe  
  86  6:32  Templar Archives  
  85  6:36  Gateway  
  85  6:37  Probe  
  86  6:40  Gateway x2, Photon Cannon  
  86  6:45  Probe  
  87  6:49  Probe  
  88  6:55  Pylon  
  88  6:57  Probe  
  88  6:58  Probe  
  91  7:01  Probe  
  91  7:04  Zealot x2  
  95  7:08  Colossus (Chrono Boost)  
  95  7:09  High Templar  
  95  7:10  Zealot  
  95  7:11  Probe  
  106  7:26  High Templar  
  106  7:27  Zealot  
  110  7:31  Archon  
  110  7:32  Gateway  
  110  7:33  Probe, Pylon  
  110  7:35  Pylon  
  111  7:37  Zealot  
  111  7:38  Zealot x3  
  111  7:43  Protoss Ground Weapons Level 2 (Chrono Boost)  
  119  7:44  Pylon  
  119  7:49  Nexus  
  119  7:50  Pylon  
  119  7:56  Observer  
  118  8:02  Probe, Photon Cannon  
  118  8:03  Pylon  
  119  8:06  Pylon, Stalker x2  
  119  8:07  Stalker x2  
  125  8:14  Stalker x2  
  125  8:15  Zealot  
  125  8:19  Probe  
  132  8:20  Probe x2  
  132  8:25  Warp Prism (Chrono Boost)  
  136  8:30  Zealot x3  
  142  8:35  Zealot x2  
  142  8:36  Observer  
  142  8:43  Probe x2  
  142  8:44  Probe  
  145  8:48  Gateway  
  145  8:50  High Templar x2, Zealot x2  
  145  8:55  Archon, Zealot  
  153  8:56  Zealot x2  
  159  9:05  Colossus (Chrono Boost)  
  159  9:07  Photon Cannon  
  165  9:12  Probe  
  166  9:18  Zealot x3  
  166  9:19  Zealot x2  
  166  9:20  Stalker  
  176  9:33  High Templar x2, Psionic Storm  
  177  9:39  Zealot x2  
  177  9:42  Probe  
  182  9:46  Photon Cannon  
  182  9:48  Shield Battery  
  182  9:50  Protoss Ground Armor Level 1 (Chrono Boost)  
  182  9:54  Probe  
  183  10:07  Probe  
  184  10:12  Gateway  
  184  10:14  Gateway, Nexus  
  184  10:15  Pylon, High Templar, Zealot  
  184  10:19  Pylon  
  184  10:21  Forge  
  188  10:26  Assimilator  
  188  10:31  Assimilator  
  188  10:33  Probe  
  189  10:46  Probe  
  189  10:48  High Templar x2, Zealot  
  189  10:49  Zealot x2  
  191  11:06  Archon  
  191  11:09  Zealot x2  
  191  11:10  Zealot x6  
  191  11:11  Zealot  
  165  11:12  Colossus (Chrono Boost)  
  125  11:27  Zealot  
  125  11:28  Zealot  
  125  11:29  Robotics Facility  
  124  11:33  Stalker x2  
  124  11:34  Zealot x3  
  124  11:35  Zealot x4  
  142  11:40  Gateway  
  142  11:42  Photon Cannon  
  142  11:43  Gateway, Shield Battery  
  142  11:44  Probe, Gateway  
  143  11:50  Zealot, Stalker  
  146  11:56  Probe, Stalker x2  
  146  11:57  Zealot x3  
  146  12:01  Zealot, Stalker  
  147  12:02  Zealot x2  
  107  12:12  Stalker  
  105  12:18  Zealot, Stalker x3  
  105  12:19  Zealot  
  105  12:20  Zealot  
  105  12:22  Zealot  
  105  12:25  Zealot x3  
Tags
 
Add a new tag
Caveats
  • Supply blocks, unpowered buildings, or Contaminate may cause inaccurate times.
  • Supply counts are checked every 10 seconds.